PAA
PHOENIX HOTSPUR YOUTH @ CASPER GHOSTS
07/03/2022
 
TOP OF THE 1ST
Phoenix Hotspur Youth batting - Pitching for Casper Ghosts : RHP Jeremy de Vos
Pitching: RHP Jeremy de Vos
Batting: LHB Arthur Ryan 0-0: Ball
1-0: Foul Ball, location: 2F
1-1: Called Strike
1-2: Foul Ball, location: 2F
1-2: Ball
2-2: Ball
3-2: Foul Ball, location: 2F
3-2: Foul Ball, location: 2F
3-2: SINGLE (Line Drive, 7S)
Batting: RHB António Padilla 0-0: Called Strike
0-1: Grounds into double play, 5-4-3 (Groundball, 56)
Batting: LHB Derek Blair 0-0: Foul Ball, location: 2F
0-1: SINGLE (Groundball, 4MD)
Batting: LHB Cristo Aponte 0-0: Ball
1-0: Foul Ball, location: 2F
1-1: Ball
2-1: Fly out, F2 (Popup, 23)
Top of the 1st over - 0 run(s), 2 hit(s), 0 error(s), 1 left on base; Phoenix Hotspur 0 - Casper 0
BOTTOM OF THE 1ST
Casper Ghosts batting - Pitching for Phoenix Hotspur Youth : RHP Howard Allen
Pitching: RHP Howard Allen
Batting: RHB Warner Robinson 0-0: Ball
1-0: Ball
2-0: Foul Ball, location: 2F
2-1: Ball
3-1: Foul Ball, location: 2F
3-2: Fly out, F9 (Flyball, 89D)
Batting: SHB Alonso Rodríguez 0-0: Ball
1-0: Called Strike
1-1: Fly out, F9 (Line Drive, 9S)
Batting: RHB Lorenzo Díaz 0-0: Ball
1-0: Ball
2-0: Fly out, F9 (Popup, 3D)
Bottom of the 1st over - 0 run(s), 0 hit(s), 0 error(s), 0 left on base; Phoenix Hotspur 0 - Casper 0
TOP OF THE 2ND
Phoenix Hotspur Youth batting - Pitching for Casper Ghosts : RHP Jeremy de Vos
Batting: SHB Pedro Gómez 0-0: Fly out, F7 (Line Drive, 78M)
Batting: RHB Al Thomas 0-0: Ball
1-0: Swinging Strike
1-1: TRIPLE (Line Drive, 89M)
Batting: RHB David Rivas 0-0: Ball
1-0: Called Strike
1-1: Called Strike
1-2: Ball
2-2: SINGLE (Groundball, 4D)
Al Thomas scores
Batting: RHB Satoshi Terada 0-0: Ball
David Rivas is caught stealing 2nd base
1-0: Called Strike
1-1: Ball
2-1: SINGLE (Groundball, 56D)
Batting: RHB Jesús Álvarez 0-0: Called Strike
0-1: Foul Ball, location: 2F
0-2: Foul Ball, location: 2F
0-2: SINGLE (Groundball, 3)
Satoshi Terada to second
Runner from 2nd tries for 3rd, SAFE, throw made to third
Batting: LHB Arthur Ryan 0-0: SINGLE (Line Drive, 6D)
Satoshi Terada scores
Jesús Álvarez to second
Batting: RHB António Padilla 0-0: Fly out, F8 (Flyball, 8LM)
Top of the 2nd over - 2 run(s), 5 hit(s), 0 error(s), 2 left on base; Phoenix Hotspur 2 - Casper 0
BOTTOM OF THE 2ND
Casper Ghosts batting - Pitching for Phoenix Hotspur Youth : RHP Howard Allen
Batting: RHB Phil Baker 0-0: Ground out 6-3 (Groundball, 6)
Batting: SHB José Juárez 0-0: Ball
1-0: Called Strike
1-1: Called Strike
1-2: SINGLE (Groundball, 34S)
Batting: RHB Mark Davis 0-0: Ball
1-0: Ground out 5-3 (Groundball, 5S)
José Juárez to second
Batting: RHB Dave Young 0-0: Foul Ball, location: 2F
0-1: Swinging Strike
0-2: Strikes out swinging
Bottom of the 2nd over - 0 run(s), 1 hit(s), 0 error(s), 1 left on base; Phoenix Hotspur 2 - Casper 0
TOP OF THE 3RD
Phoenix Hotspur Youth batting - Pitching for Casper Ghosts : RHP Jeremy de Vos
Batting: LHB Derek Blair 0-0: Foul Ball, location: 2F
0-1: Ball
1-1: Ball
2-1: Ground out 1-3 (Groundball, 15)
Batting: LHB Cristo Aponte 0-0: Called Strike
0-1: Swinging Strike
0-2: Ball
1-2: Ball
2-2: SOLO HOME RUN (Flyball, 89XD), Distance : 424 ft
Batting: SHB Pedro Gómez 0-0: Ball
1-0: TRIPLE (Line Drive, 8RD)
Batting: RHB Al Thomas 0-0: Ball
1-0: Ground out 5-3 (Groundball, 5)
Batting: RHB David Rivas 0-0: Ball
1-0: Ball
2-0: Ball
3-0: Called Strike
3-1: Base on Balls
Batting: RHB Satoshi Terada 0-0: Called Strike
David Rivas steals 2nd base
0-1: Swinging Strike
0-2: Fly out, F5 (Popup, 7LSF)
Top of the 3rd over - 1 run(s), 2 hit(s), 0 error(s), 2 left on base; Phoenix Hotspur 3 - Casper 0
BOTTOM OF THE 3RD
Casper Ghosts batting - Pitching for Phoenix Hotspur Youth : RHP Howard Allen
Batting: RHB Juan García 0-0: Ball
1-0: Swinging Strike
1-1: Ball
2-1: Foul Ball, location: 2F
2-2: Ball
3-2: Foul Ball, location: 2F
3-2: SINGLE (Groundball, 6MD)
Batting: LHB Kyle Mann 0-0: Called Strike
0-1: Ball
Juan García steals 2nd base
1-1: Called Strike
1-2: Ground out 3-6 (Groundball, 3)
Juan García to third
Batting: RHB Warner Robinson 0-0: Ball
1-0: Ball
2-0: Ball
3-0: Base on Balls
Batting: SHB Alonso Rodríguez 0-0: Called Strike
0-1: Ball
1-1: Fly out, F7 (Line Drive, 7LM)
Batting: RHB Lorenzo Díaz Pickoff Throw to First - Error! E1
Juan García scores
Warner Robinson to second
0-0: Ball
1-0: Swinging Strike
1-1: Ball
2-1: Fly out, F9 (Line Drive, 9M)
Bottom of the 3rd over - 1 run(s), 1 hit(s), 1 error(s), 1 left on base; Phoenix Hotspur 3 - Casper 1
TOP OF THE 4TH
Phoenix Hotspur Youth batting - Pitching for Casper Ghosts : RHP Jeremy de Vos
Batting: RHB Jesús Álvarez 0-0: Ball
1-0: Foul Ball, location: 2F
1-1: Called Strike
1-2: Strikes out looking
Batting: LHB Arthur Ryan 0-0: SINGLE (Popup, 6D)
Batting: RHB António Padilla 0-0: Called Strike
Arthur Ryan steals 2nd base
0-1: Ball
1-1: Ball
Arthur Ryan steals 3rd base
2-1: Foul Ball, location: 2F
2-2: Strikes out swinging
Batting: LHB Derek Blair 0-0: Ball
1-0: Foul Ball, location: 2F
1-1: Called Strike
1-2: Strikes out swinging
Top of the 4th over - 0 run(s), 1 hit(s), 0 error(s), 1 left on base; Phoenix Hotspur 3 - Casper 1
BOTTOM OF THE 4TH
Casper Ghosts batting - Pitching for Phoenix Hotspur Youth : RHP Howard Allen
Batting: RHB Phil Baker 0-0: Ball
1-0: Foul Ball, location: 2F
1-1: Ball
2-1: Foul Ball, location: 2F
2-2: Ball
3-2: Base on Balls
Batting: SHB José Juárez 0-0: Grounds into double play, 6-4-3 (Groundball, 6M)
Batting: RHB Mark Davis 0-0: Called Strike
0-1: Swinging Strike
0-2: Strikes out looking
Bottom of the 4th over - 0 run(s), 0 hit(s), 0 error(s), 0 left on base; Phoenix Hotspur 3 - Casper 1
TOP OF THE 5TH
Phoenix Hotspur Youth batting - Pitching for Casper Ghosts : RHP Jeremy de Vos
Batting: LHB Cristo Aponte 0-0: Ball
1-0: Swinging Strike
1-1: Ball
2-1: Ball
3-1: Foul Ball, location: 2F
3-2: Ground out 1-3 (Groundball, 15S)
Batting: SHB Pedro Gómez 0-0: Fly out, F4 (Line Drive, 4)
Batting: RHB Al Thomas 0-0: Called Strike
0-1: Ball
1-1: Ball
2-1: Ball
3-1: Base on Balls
Batting: RHB David Rivas 0-0: Swinging Strike
0-1: Called Strike
0-2: Ball
1-2: Foul Ball, location: 2F
1-2: Foul Ball, location: 2F
1-2: Strikes out looking
Top of the 5th over - 0 run(s), 0 hit(s), 0 error(s), 1 left on base; Phoenix Hotspur 3 - Casper 1
BOTTOM OF THE 5TH
Casper Ghosts batting - Pitching for Phoenix Hotspur Youth : RHP Howard Allen
Batting: RHB Dave Young 0-0: Ball
1-0: Called Strike
1-1: Ball
2-1: Ground out 4-3 (Groundball, 4M)
Batting: RHB Juan García 0-0: Swinging Strike
0-1: Ball
1-1: Called Strike
1-2: Ball
2-2: Ball
3-2: Base on Balls
Batting: LHB Kyle Mann 0-0: Ground out 4-3 (Groundball, 13)
Juan García to second
Batting: RHB Warner Robinson 0-0: Ball
1-0: Foul Ball, location: 2F
1-1: Foul Ball, location: 2F
1-2: Foul Ball, location: 2F
1-2: Fly out, F9 (Flyball, 8RS)
Bottom of the 5th over - 0 run(s), 0 hit(s), 0 error(s), 1 left on base; Phoenix Hotspur 3 - Casper 1
TOP OF THE 6TH
Phoenix Hotspur Youth batting - Pitching for Casper Ghosts : RHP Jeremy de Vos
Batting: RHB Satoshi Terada 0-0: Swinging Strike
0-1: Called Strike
0-2: Ball
1-2: Strikes out looking
Batting: RHB Jesús Álvarez 0-0: Hit by Pitch
Batting: LHB Arthur Ryan 0-0: Foul Ball, location: 2F
0-1: Ball
1-1: Foul Ball, location: 2F
1-2: Foul Ball, location: 2F
1-2: SINGLE (Flyball, 89S)
Jesús Álvarez to second
Runner from 2nd tries for 3rd, SAFE, no throw or cutoff
Batting: RHB António Padilla 0-0: Ball
1-0: Ball
2-0: Foul Ball, location: 2F
2-1: Swinging Strike
2-2: Fly out, F7 (Flyball, 7D)
Runner from 3rd tags up, SCORES, no throw
Batting: LHB Derek Blair 0-0: Ball
Reached via error on a dropped throw, E3
Arthur Ryan to second
Pitching: RHP Robert Bell
Batting: LHB Cristo Aponte 0-0: Foul Ball, location: 2F
0-1: Swinging Strike
0-2: Ball
1-2: Ball
2-2: Foul Ball, location: 2F
2-2: Foul Ball, location: 2F
2-2: Foul Ball, location: 2F
2-2: Ball
3-2: Base on Balls
Arthur Ryan to third
Derek Blair to second
Batting: SHB Pedro Gómez 0-0: Called Strike
0-1: Fly out, F8 (Flyball, 8RD)
Top of the 6th over - 1 run(s), 1 hit(s), 1 error(s), 3 left on base; Phoenix Hotspur 4 - Casper 1
BOTTOM OF THE 6TH
Casper Ghosts batting - Pitching for Phoenix Hotspur Youth : RHP Howard Allen
Batting: SHB Alonso Rodríguez 0-0: Ball
1-0: Ball
2-0: Ball
3-0: Called Strike
3-1: Base on Balls
Batting: RHB Lorenzo Díaz 0-0: Foul Ball, location: 2F
0-1: Called Strike
0-2: Foul Ball, location: 2F
0-2: Ball
1-2: Ball
2-2: SINGLE (Line Drive, 7LS)
Alonso Rodríguez to second
Batting: RHB Phil Baker 0-0: Called Strike
0-1: Swinging Strike
0-2: Ball
1-2: DOUBLE (Line Drive, 8LXD)
Alonso Rodríguez scores
Lorenzo Díaz to third
Batting: SHB José Juárez 0-0: Swinging Strike
0-1: Swinging Strike
0-2: SINGLE (Groundball, 34D)
Lorenzo Díaz scores
Phil Baker to third
Batting: RHB Mark Davis 0-0: Ball
1-0: Ball
2-0: Called Strike
2-1: SINGLE (Groundball, 56)
Phil Baker scores
José Juárez to second
Batting: RHB Dave Young 0-0: Sac Bunt - play at first, batter OUT! 4-3
José Juárez to third
Mark Davis to second
Batting: RHB Juan García 0-0: Ball
1-0: SINGLE (Flyball, 8RS)
José Juárez scores
Mark Davis to third
Batting: LHB Kyle Mann 0-0: Swinging Strike
0-1: Swinging Strike
0-2: Ball
1-2: Fly out, F9 (Flyball, 9LS)
Batting: RHB Warner Robinson 0-0: Ball
1-0: SINGLE (Flyball, 89S)
Mark Davis scores
Juan García to second
Runner from 2nd tries for 3rd, SAFE, throw made to third
Warner Robinson to second
Pitching: RHP Odwin Looms
Batting: SHB Alonso Rodríguez 0-0: SINGLE (Groundball, 34)
Juan García scores
Warner Robinson to third
Runner from 3rd tries for Home, SAFE, no throw or cutoff
Batting: RHB Lorenzo Díaz 0-0: Ball
1-0: Swinging Strike
1-1: Fly out, F9 (Flyball, 9M)
Bottom of the 6th over - 7 run(s), 7 hit(s), 0 error(s), 1 left on base; Phoenix Hotspur 4 - Casper 8
TOP OF THE 7TH
Phoenix Hotspur Youth batting - Pitching for Casper Ghosts : RHP Robert Bell
Batting: RHB Al Thomas 0-0: Ball
1-0: Ball
2-0: Ground out 5-3 (Groundball, 5)
Batting: RHB David Rivas 0-0: Ball
1-0: Ground out 1-3 (Groundball, 25)
Batting: RHB Satoshi Terada 0-0: Ball
1-0: Fly out, F9 (Flyball, 89M)
Top of the 7th over - 0 run(s), 0 hit(s), 0 error(s), 0 left on base; Phoenix Hotspur 4 - Casper 8
BOTTOM OF THE 7TH
Casper Ghosts batting - Pitching for Phoenix Hotspur Youth : RHP Odwin Looms
Batting: RHB Phil Baker 0-0: Ball
1-0: Called Strike
1-1: Ball
2-1: Foul Ball, location: 2F
2-2: SINGLE (Line Drive, 34D)
Batting: SHB José Juárez 0-0: Called Strike
0-1: Ball
1-1: Foul Ball, location: 2F
1-2: Ground out 3-1 (Groundball, 34)
Phil Baker to second
Batting: RHB Mark Davis 0-0: Ball
1-0: Called Strike
1-1: Ground out 5-3 (Groundball, 5L)
Batting: RHB Dave Young 0-0: Called Strike
0-1: 2-RUN HOME RUN (Flyball, 7D), Distance : 384 ft
Batting: RHB Juan García 0-0: Ball
1-0: Ball
2-0: Fly out, F6 (Popup, 6M)
Bottom of the 7th over - 2 run(s), 2 hit(s), 0 error(s), 0 left on base; Phoenix Hotspur 4 - Casper 10
TOP OF THE 8TH
Phoenix Hotspur Youth batting - Pitching for Casper Ghosts : RHP Robert Bell
Batting: RHB Jesús Álvarez 0-0: Called Strike
0-1: Ball
1-1: Foul Ball, location: 2F
1-2: Ball
2-2: Ball
3-2: Ground out 6-3 (Groundball, 6)
Batting: LHB Arthur Ryan 0-0: Ball
1-0: Called Strike
1-1: Swinging Strike
1-2: SINGLE (Line Drive, 7S)
Batting: RHB António Padilla 0-0: Ball
1-0: Ball
2-0: DOUBLE (Flyball, 78XD)
Arthur Ryan to third
Runner from 3rd tries for Home, throw and OUT!
António Padilla to third
Batting: LHB Derek Blair 0-0: Called Strike
0-1: Ball
1-1: DOUBLE (Groundball, 3L)
António Padilla scores
Batting: LHB Cristo Aponte 0-0: Called Strike
0-1: Ball
1-1: Ball
2-1: Foul Ball, location: 2F
2-2: Strikes out looking
Top of the 8th over - 1 run(s), 3 hit(s), 0 error(s), 1 left on base; Phoenix Hotspur 5 - Casper 10
BOTTOM OF THE 8TH
Casper Ghosts batting - Pitching for Phoenix Hotspur Youth : RHP Odwin Looms
Batting: LHB Kyle Mann 0-0: Ball
1-0: Swinging Strike
1-1: Ball
2-1: Swinging Strike
2-2: Ball
3-2: Foul Ball, location: 2F
3-2: Base on Balls
Batting: RHB Warner Robinson 0-0: Sac Bunt - play at first, batter safe!
Kyle Mann to second
Batting: SHB Alonso Rodríguez 0-0: Foul Ball, location: 2F
0-1: Ball
1-1: Foul Ball, location: 2F
1-2: Foul Ball, location: 2F
1-2: Ball
2-2: Foul Ball, location: 2F
2-2: Fly out, F9 (Flyball, 9LS)
Batting: RHB Lorenzo Díaz 0-0: Ball
Kyle Mann is caught stealing 3rd base
Warner Robinson to second
1-0: Ball
Wild Pitch!
Warner Robinson to third
2-0: Called Strike
2-1: Ball
3-1: Fly out, F4 (Popup, 8RS)
Bottom of the 8th over - 0 run(s), 1 hit(s), 0 error(s), 1 left on base; Phoenix Hotspur 5 - Casper 10
TOP OF THE 9TH
Phoenix Hotspur Youth batting - Pitching for Casper Ghosts : RHP Robert Bell
Pitching: RHP Carlos González
Batting: SHB Pedro Gómez 0-0: SINGLE (Line Drive, 7S)
Batting: RHB Al Thomas 0-0: Called Strike
0-1: Called Strike
0-2: Strikes out swinging
Batting: RHB David Rivas 0-0: Called Strike
0-1: Swinging Strike
0-2: Fly out, F9 (Flyball, 9LM)
Batting: RHB Satoshi Terada 0-0: Fly out, F9 (Flyball, 89S)
Top of the 9th over - 0 run(s), 1 hit(s), 0 error(s), 1 left on base; Phoenix Hotspur 5 - Casper 10
This league is powered by Out of the Park Baseball, the baseball management simulation game for PC, Mac and Linux
Friday, April 15th, 2016 - OOTP Baseball 16.9 Build 39